 Dungeon Crawl Stone Soup version 0.25-a0-834-g55863b0b92 (webtiles) character file.

Game seed: 13520636580594895622, levelgen mode: deterministic

870 wullow the Magician (level 7, -5/52 HPs)
             Began as a Demonspawn Venom Mage on Apr 23, 2020.
             Was an Initiate of Sif Muna.
             Slain by Blork the orc
             ... wielding a +0 long sword
              (7 damage)
             ... on level 5 of the Dungeon.
             The game lasted 00:24:53 (6499 turns).

wullow the Magician (Demonspawn Venom Mage)         Turns: 6499, Time: 00:24:54

Health: -5/52      AC:  4    Str: 11    XL:     7   Next: 73%
Magic:  9/15       EV: 14    Int: 16    God:    Sif Muna [......]
Gold:   270        SH:  0    Dex: 13    Spells: 7/16 levels left

rFire    . . .     SeeInvis .   d - +0 dagger
rCold    . . .     Gourm    .   (no shield)
rNeg     . . .     Faith    .   a - +0 robe
rPois    .         Spirit   .   q - +0 helmet
rElec    .         Reflect  .   (no cloak)
rCorr    .         Harm     .   E - +0 pair of gloves
MR       .....                  (no boots)
Stlth    ++........             (no amulet)
HPRegen  0.17/turn              (no ring)
MPRegen  0.14/turn              (no ring)

@: about to teleport
A: talons 1, repulsion field 1, foul stench 1, rot immunity
a: Renounce Religion


You were on level 5 of the Dungeon.
You worshipped Sif Muna.
Sif Muna was noncommittal.
You were hungry.

You visited 2 branches of the dungeon, and saw 7 of its levels.

You collected 270 gold pieces.

Inventory:

Hand Weapons
 d - a +0 dagger (weapon)
 i - a +0 spear
 k - a +0 short sword
 u - the +4 morningstar of Dust {freeze, rElec rN+ MR- Str+3}
   (You found it on level 5 of the Dungeon)

   It has been specially enchanted to freeze those struck by it, causing extra
   injury to most foes and up to half again as much damage against particularly
   susceptible opponents.
   It can also slow down cold-blooded creatures.
   It affects your strength (+3).
   It insulates you from electricity.
   It protects you from negative energy.
   It affects your resistance to hostile enchantments.
Missiles
 l - 46 sling bullets
 m - 133 stones (quivered)
 p - 25 poisoned darts
 s - 68 arrows
Armour
 a - a +0 robe (worn)
 q - a +0 helmet (worn)
 v - a +0 kite shield
 A - the +1 scale mail of the Monkey {MR++, unknown}
   (You found it on level 4 of the Dungeon)

   It affects your resistance to hostile enchantments.
 E - a +0 pair of gloves (worn)
Wands
 y - a wand of flame (19)
Scrolls
 b - 2 scrolls of remove curse
 f - 3 scrolls of teleportation
 h - 3 scrolls of fog
 j - a scroll of identify
 n - 2 scrolls of magic mapping
 x - a scroll of enchant armour {unknown}
 C - a scroll of fear {unknown}
 D - a scroll of immolation {unknown}
Potions
 e - a potion of lignification
 g - 3 potions of curing
 o - 2 potions of flight
 r - 2 potions of ambrosia
 t - a potion of cancellation {unknown}
 w - 2 potions of magic
 z - 2 potions of heal wounds {unknown}
 F - a potion of resistance {unknown}
Comestibles
 c - 9 rations


   Skills:
 + Level 3.4 Fighting
 - Level 2.0 Dodging
 - Level 2.0 Stealth
 * Level 5.3 Spellcasting
 - Level 2.0 Conjurations
 - Level 2.0 Transmutations
 - Level 2.0 Air Magic
 + Level 4.9 Poison Magic


You had 7 spell levels left.
You knew the following spells:

 Your Spells              Type           Power        Failure   Level  Hunger
a - Sting                 Tmut/Pois      ###.         3%          1    None
b - Poisonous Vapours     Pois/Air       ###...       5%          2    #......
c - Mephitic Cloud        Conj/Pois/Air  ##......     13%         3    ###....
d - Ignite Poison         Fire/Tmut/Pois ##......     17%         3    ###....

Your spell library contained the following spells:

 Spells                   Type           Power        Failure   Level  Hunger
 Olgreb's Toxic Radiance  Pois           ###.....     19%         4    ####...


Dungeon Overview and Level Annotations

Branches:
Dungeon (6/15)             Temple (1/1) D:5

Altars:
Cheibriados
Dithmenos
Fedhas
Gozag
Hepliaklqana
Kikubaaqudgha
Makhleb
Nemelex Xobeh
Qazlal
Ru
Sif Muna
Trog
Uskayaw
Vehumet
Wu Jian
Xom
Zin
The Shining One

Shops:
D:4 *

Annotations:
D:5 Blork the orc


Innate Abilities, Weirdness & Mutations

You have sharp toenails.
You are surrounded by a mild repulsion field. (EV +2)
You may emit foul miasma when damaged in melee.
You are immune to rotting.


Message History

Something hits you! Something barely misses you. Something hits you!
You hear some strange, mumbled words.
A magic dart appears from out of thin air!
The magic dart hits you.
* * * LOW HITPOINT WARNING * * *
Casting: Ignite Poison (mildly dangerous; 17% risk of failure)
Confirm with . or Enter, or press ? or * to list all spells.
Okay, then.
Something hits you!
* * * LOW HITPOINT WARNING * * *
Okay, then.
Okay, then.
Unknown command.
As you read the scroll of teleportation, it crumbles to dust.
You feel strangely unstable. Something hits you.
* * * LOW HITPOINT WARNING * * *
Something hits you!
You die...

#....#.............>.<..#.......
##....#.........#.##.....#...##..
#...............####.............
#..#..........?..#...............
.###.##............#....####.##..
..###..............#.#.### #.....
..##..............#..#...# #.....
......##........#....#..## #.....
.....##.........@....##..###.....
...........#...#.#....#...#......
............)###r#.......##..##..
...........###...##......#..###.#
##.......#........#..........#...
#....##...##..>..##...........>.
##..###....#........#......##...
#### #....##...###.......#.#...
#.....#.###...##....#.....


You could see a quokka.

Vanquished Creatures
  An ogre (D:5)
  A phantom (D:4)
  A scorpion (D:5)
  A crimson imp (D:5)
  2 hounds
  4 orc priests
  2 orc wizards
  A bullfrog skeleton (D:5)
  Terence (D:2)
  5 worker ants
  7 adders
  An ooze (D:2)
  3 worms
  3 dart slugs
  3 leopard geckos (D:1)
  18 orcs
  6 bats
  6 giant cockroaches
  11 goblins
  7 hobgoblins
  11 jackals
  7 kobolds
  4 quokkas
  A ball python (D:3)
  8 frilled lizards
  A leopard gecko skeleton (D:5)
  2 quokka skeletons
  A quokka zombie (D:5)
  9 rats
128 creatures vanquished.

Notes
Turn   | Place    | Note
-------+----------+-------------------------------------------
     0 | D:1      | wullow the Demonspawn Venom Mage began the quest for the
                  | Orb.
     0 | D:1      | Reached XP level 1. HP: 13/13 MP: 3/3
    85 | D:1      | Reached skill level 1 in Transmutations
   195 | D:1      | Gained mutation: You are immune to rotting. [demonic
                  | ancestry]
   195 | D:1      | Reached XP level 2. HP: 15/19 MP: 0/5
   274 | D:1      | Learned a level 2 spell: Poisonous Vapours
   800 | D:1      | Gained mutation: You are surrounded by a mild repulsion
                  | field. (EV +2) [demonic ancestry]
   800 | D:1      | Reached XP level 3. HP: 25/25 MP: 3/6
  1428 | D:2      | Found a hazy altar of Hepliaklqana.
  1471 | D:2      | Learned a level 3 spell: Mephitic Cloud
  1646 | D:2      | Found a burning altar of Makhleb.
  1839 | D:2      | Found a faded altar of an unknown god.
  1847 | D:2      | Reached skill level 1 in Air Magic
  1929 | D:2      | Gained mutation: You may emit foul miasma when damaged in
                  | melee. [demonic ancestry]
  1929 | D:2      | Reached XP level 4. HP: 29/31 MP: 0/7
  2263 | D:2      | Noticed Terence
  2276 | D:2      | Killed Terence
  2276 | D:2      | Reached skill level 1 in Conjurations
  2580 | D:2      | Reached skill level 1 in Fighting
  2698 | D:2      | Gained mutation: You have sharp toenails. [demonic
                  | ancestry]
  2698 | D:2      | Reached XP level 5. HP: 36/37 MP: 3/9
  3112 | D:3      | Found a shadowy altar of Dithmenos.
  3122 | D:3      | Reached skill level 3 in Spellcasting
  3136 | D:3      | Found a shimmering altar of Xom.
  3139 | D:3      | Found a shimmering altar of Xom.
  3139 | D:3      | Found a shimmering altar of Xom.
  3141 | D:3      | Found a shimmering altar of Xom.
  3141 | D:3      | Found a shimmering altar of Xom.
  3141 | D:3      | Found a shimmering altar of Xom.
  3143 | D:3      | Found a shimmering altar of Xom.
  3800 | D:3      | Reached XP level 6. HP: 43/43 MP: 2/11
  4440 | D:4      | Found Gozag's Platinum Reserve.
  4440 | D:4      | Found an opulent altar of Gozag.
  4583 | D:4      | Got a scorched scale mail
  4787 | D:4      | Reached skill level 4 in Spellcasting
  5091 | D:4      | Learned a level 3 spell: Ignite Poison
  5228 | D:4      | Reached XP level 7. HP: 51/51 MP: 13/13
  5274 | D:5      | Entered Level 5 of the Dungeon
  5351 | D:5      | Got a jewelled morningstar
  5358 | D:4      | Identified the +4 morningstar of Dust {freeze, rElec rN+
                  | MR- Str+3} (You found it on level 5 of the Dungeon)
  5451 | D:5      | Found a glowing golden altar of the Shining One.
  5569 | D:5      | Reached skill level 5 in Spellcasting
  5736 | D:5      | Found a staircase to the Ecumenical Temple.
  5785 | Temple   | Entered the Ecumenical Temple
  5996 | Temple   | Became a worshipper of Sif Muna the Loreminder
  6259 | D:5      | Found a glowing silver altar of Zin.
  6454 | D:6      | Noticed Blork the orc
  6498 | D:5      | HP: 1/52 [something (2)]
  6499 | D:5      | Slain by Blork the orc

Levels and vault maps discovered:
D:1:      psy_arrival_radial01, layout_loops_ring, roderic_lattice_a
D:2:      layout_basic, lemuel_crystal_altar, nicolae_overflow_crystal_walls,
          chequers_ecumenical_altar_simple, uniq_terence
D:3:      layout_basic, nicolae_xom_altar_mimics,
          nicolae_dithmenos_through_a_glass_darkly
D:4:      minmay_wonky_spiral, layout_loops_cross,
          nicolae_gozag_zags_fifth_avenue
D:5:      layout_cave_pools, minmay_temple_entry_slanted, basic_altar,
          first_ration, nicolae_tso_swordbearing_angel
D:6:      layout_rooms, kennysheep_okawaru_gauntlet, grunt_ministairs_4,
          uniq_blork_the_orc, uniq_duvessa
Temple:   regret_index_temple_generic_petals

Skill      XL: |  1  2  3  4  5  6  7 |
---------------+----------------------+-----
Transmutations | 1 2 |  2.0
Stealth        | 2 |  2.0
Dodging        | 2 |  2.0
Air Magic      | 1 2 |  2.0
Conjurations   | 1 2 |  2.0
Fighting       | 1 2 3 |  3.4
Spellcasting   | 3 4 5 |  5.3
Poison Magic   | 4 |  4.9

Action                   |  1- 3 |  4- 6 |  7- 9 || total
-------------------------+-------+-------+-------++-------
Melee: Unarmed           |    17 |       |       ||    17
       Spear             |    18 |       |       ||    18
       Dagger            |    46 |   115 |    99 ||   260
       Kick              |       |    11 |    26 ||    37
       Morningstar       |       |       |    13 ||    13
 Cast: Sting             |    47 |    10 |     5 ||    62
       Poisonous Vapours |    21 |    56 |    22 ||    99
       Mephitic Cloud    |       |     5 |     6 ||    11
       Ignite Poison     |       |     1 |     4 ||     5
  Use: Potion            |     1 |       |       ||     1
       Scroll            |       |     2 |     9 ||    11
 Stab: Sleeping          |     1 |     3 |       ||     4
       Confused          |       |     1 |     1 ||     2
  Eat: Chunk             |     5 |    13 |     3 ||    21
       Ration            |       |     1 |       ||     1
Armor: Robe              |    16 |     7 |    19 ||    42
       Leather armour    |       |       |     1 ||     1
Dodge: Dodged            |    89 |    68 |    95 ||   252

Table legend:
 A = Non-vault XP
 B = Vault XP
 C = Vault XP percentage of total XP
 D = Non-vault monster count
 E = Vault monster count
 F = Vault count percentage of total count
                 A         B        C        D         E       F
            +---------+---------+-------+---------+---------+-------
      Total |    1173 |      70 |   5.6 |     126 |       2 |   1.6
            +---------+---------+-------+---------+---------+-------
        D:1 |      49 |       0 |   0.0 |      26 |       0 |   0.0
        D:2 |     130 |      36 |  21.7 |      35 |       1 |   2.8
        D:3 |     227 |       0 |   0.0 |      29 |       0 |   0.0
        D:4 |     261 |      34 |  11.5 |      14 |       1 |   6.7
        D:5 |     503 |       0 |   0.0 |      21 |       0 |   0.0
        D:6 |       3 |       0 |   0.0 |       1 |       0 |   0.0
            +---------+---------+-------+---------+---------+-------
